 Dungeon Crawl Stone Soup version 0.19.1 (webtiles) character file.

5033 ChaseSP the Cleaver (level 10, -1/70 HPs)
             Began as a Formicid Fighter on Nov 27, 2016.
             Was an Elder of Okawaru.
             Slain by a steam dragon (7 damage)
             ... on level 9 of the Dungeon.
             The game lasted 00:19:25 (9803 turns).

ChaseSP the Cleaver (Formicid Fighter)              Turns: 9803, Time: 00:19:25

Health: -1/70      AC: 14    Str: 23    XL:     10   Next: 85%
Magic:  10/10      EV:  4    Int: 11    God:    Okawaru [****..]
Gold:   434        SH:  9    Dex: 11    Spells: 0 memorised, 9 levels left

rFire  . . .     SeeInvis +     a - +1 war axe
rCold  . . .     Gourm    .     t - +0 plate armour
rNeg   . . .     Faith    .     c - +0 shield
rPois  .         Spirit   .     (helmet unavailable)
rElec  .         Reflect  .     (no cloak)
rCorr  .         Harm     .     (no gloves)
MR     +....                    e - +2 pair of boots
Stlth  ..........               (no amulet)
                                w - +3 ring of intelligence
                                r - ring of flight

@: drained
A: permanent stasis, dig shafts and tunnels, four strong arms, antennae 3
a: Dig, Shaft Self, Heroism, Renounce Religion, Evoke Flight


You were on level 9 of the Dungeon.
You worshipped Okawaru.
Okawaru was greatly pleased with you.
You were very hungry.

You visited 2 branches of the dungeon, and saw 10 of its levels.
You also visited: Ossuary.

You collected 434 gold pieces.

Inventory:

Hand Weapons
 a - a +1 war axe (weapon)
 y - a +0 dire flail
Missiles
 u - 46 bolts
Armour
 c - a +0 shield (worn)
 e - a +2 pair of boots (worn)
 t - a +0 plate armour (worn)
Jewellery
 r - a ring of flight (left hand)
 w - a +3 ring of intelligence (right hand)
Wands
 m - a wand of flame (28/48)
 v - a wand of digging (24/24)
 B - a wand of digging (17/24)
 D - a wand of lightning (4/15)
Scrolls
 i - 4 scrolls of immolation
 j - a scroll of amnesia
 n - 2 scrolls of remove curse
 p - 2 scrolls of fog
 q - a scroll of magic mapping
 s - 9 scrolls of identify
Potions
 g - a potion of mutation {unknown}
 k - a potion of lignification {unknown}
 l - 4 potions of resistance
 o - 3 potions of invisibility
 x - 5 potions of degeneration
 z - 4 potions of curing
 A - a potion of haste
Comestibles
 b - a fruit
 d - a royal jelly
 f - 7 bread rations
 E - 3 meat rations


   Skills:
 - Level 3.2(3.1) Fighting
 * Level 14.6(14.3) Axes
 - Level 3.2(3.1) Armour
 - Level 3.6(3.4) Shields


You had 9 spell levels left.
You didn't know any spells.

Dungeon Overview and Level Annotations

Branches:
Dungeon (9/15)             Temple (1/1) D:5
   Lair: D:8-11         Orc: D:9-12

Altars:
Ashenzari
Cheibriados
Elyvilon
Fedhas
Gozag
Hepliaklqana
Kikubaaqudgha
Makhleb
Nemelex Xobeh
Okawaru
Qazlal
Ru
Sif Muna
Trog
Uskayaw
Xom
Yredelemnul
Zin

Shops:
D:4 %}   D:7 !   D:9 %


Innate Abilities, Weirdness & Mutations

You are under a permanent stasis effect.
You can dig through walls and to a lower floor.
Your four strong arms can wield two-handed weapons with a shield.
You have a pair of large antennae on your head. (SInv)


Message History

The steam dragon bites you but does no damage.
The steam dragon claws you but does no damage.
You closely miss the steam dragon.
The steam dragon is heavily wounded.
You are engulfed in a cloud of scalding steam.
* * * LOW HITPOINT WARNING * * *
The steam dragon bites you but does no damage.
The steam dragon claws you.
* * * LOW HITPOINT WARNING * * *
The steam dragon breathes steam at you. The ball of steam hits you!
* * * LOW HITPOINT WARNING * * *
You hear an angry buzzing noise. x3
You are engulfed in a cloud of scalding steam.
* * * LOW HITPOINT WARNING * * *
Are you sure you want to shaft yourself?
You are feeling very hungry.
You begin to dig a shaft.
You continue digging a shaft.
The steam dragon bites you!
You die...

....###..# #.# ......
#.#######.# #.
...#.##.>.....#.# .# #..
............<.#.## .# ...#..
###.##.####.....# #..
...#..### #....# #.##..# #.#
=.......###..#.# #.##..####.#
.......8.....#.# #.##.......#
......#.####{#@####.###.####.#
.............D.§........####.#
.....#∩.#####.###..##.......##
.............#.#
#.....#####..>
...#.?.....#.#.. ...... #.##
#...8##.# #####..#.# #.#
......# .# #..#. #.# ......##
.# ... .. #.# ..##... {# ##
.## #.##


You could see a steam dragon.

Vanquished Creatures
  A two-headed ogre (D:8)
  A troll (D:9)
  2 hippogriffs
  A water moccasin (D:8)
  2 ice beasts
  4 orc warriors
  2 ogres
  A phantom (D:7)
  5 centaurs
  2 bullfrogs (D:8)
  A wyvern skeleton (D:9)
  4 scorpions
  9 killer bees
  13 wights
  6 howler monkeys
  3 crimson imps
  A centaur zombie (Ossuary)
  2 jellies (D:7)
  A bullfrog zombie (D:7)
  6 hounds
  A human zombie (Ossuary)
  6 orc priests
  A bullfrog skeleton (D:5)
  2 iguanas
  7 orc wizards
  3 worker ants
  2 big kobold zombies (Ossuary)
  3 hound skeletons
  4 mummies
  2 worker ant zombies
  Robin (D:3)
  7 gnolls
  6 adders
  2 shadow imps
  2 oozes
  A worm (D:4)
  2 dart slugs
  5 leopard geckos
  24 orcs
  2 ball pythons
  5 giant cockroaches
  2 gnoll zombies (Ossuary)
  12 goblins
  12 hobgoblins
  7 jackals
  10 kobolds
  4 quokkas
  5 bats
  A frilled lizard (D:2)
  A hobgoblin zombie (Ossuary)
  A leopard gecko skeleton (D:7)
  An orc zombie (Ossuary)
  6 rats
217 creatures vanquished.

Vanquished Creatures (others)
  A quokka skeleton (D:6)
1 creature vanquished.

Grand Total: 218 creatures vanquished

Notes
Turn   | Place    | Note
-------+----------+-------------------------------------------
     0 | D:1      | ChaseSP the Formicid Fighter began the quest for the Orb.
     0 | D:1      | Reached XP level 1. HP: 18/18 MP: 1/1
   192 | D:1      | Reached XP level 2. HP: 24/24 MP: 2/2
   438 | D:1      | Reached skill level 3 in Axes
   941 | D:1      | Reached XP level 3. HP: 29/29 MP: 3/3
  1614 | D:2      | Reached skill level 4 in Axes
  1614 | D:2      | Reached XP level 4. HP: 35/35 MP: 4/4
  1623 | D:3      | Noticed Robin
  1840 | D:3      | Killed Robin
  1958 | D:3      | Reached XP level 5. HP: 25/41 MP: 5/5
  2071 | D:3      | Reached skill level 5 in Axes
  2482 | D:3      | Reached XP level 6. HP: 31/47 MP: 6/6
  2839 | D:3      | Reached skill level 6 in Axes
  3309 | D:4      | Found Noun's Gadget Boutique.
  3336 | D:4      | Noticed an ogre
  3340 | D:4      | Reached skill level 7 in Axes
  3340 | D:4      | Reached XP level 7. HP: 49/52 MP: 7/7
  3700 | D:4      | Found Hirutub's Food Shop.
  3794 | D:4      | Reached skill level 8 in Axes
  4114 | D:5      | Entered Level 5 of the Dungeon
  4114 | D:5      | Found a bloodstained altar of Trog.
  4138 | D:5      | Found a staircase to the Ecumenical Temple.
  4164 | D:5      | Reached XP level 8. HP: 44/58 MP: 8/8
  4173 | Temple   | Entered the Ecumenical Temple
  4231 | Temple   | Became a worshipper of Warmaster Okawaru
  4381 | D:5      | Reached skill level 9 in Axes
  4680 | D:6      | Reached * piety under Okawaru
  4745 | D:6      | Found a sand-covered staircase.
  4758 | Ossuary  | Entered an ossuary
  4958 | Ossuary  | Reached skill level 10 in Axes
  5132 | D:6      | Reached XP level 9. HP: 20/64 MP: 9/9
  6070 | D:6      | Reached skill level 11 in Axes
  6766 | D:7      | Reached ** piety under Okawaru
  6956 | D:7      | Noticed a hippogriff
  6972 | D:7      | Killed a hippogriff
  6972 | D:7      | Reached skill level 12 in Axes
  7229 | D:7      | Found Qoom's Distillery.
  7717 | D:7      | Reached XP level 10. HP: 43/70 MP: 7/10
  8056 | D:8      | Reached skill level 13 in Axes
  8065 | D:8      | Reached *** piety under Okawaru
  8621 | D:8      | Reached skill level 14 in Axes
  9130 | D:8      | Reached **** piety under Okawaru
  9760 | D:9      | Found Myrrurew's Food Boutique.
  9803 | D:9      | Slain by a steam dragon

Skill      XL: |  1  2  3  4  5  6  7  8  9 10 |
---------------+-------------------------------+-----
Axes           | 3 4 5 7 8 10 12 14 | 14.6
Fighting       | |  3.2
Armour         | |  3.2
Shields        | |  3.6

Action                   |  1- 3 |  4- 6 |  7- 9 | 10-12 || total
-------------------------+-------+-------+-------+-------++-------
Melee: War axe           |    99 |   173 |   491 |   293 ||  1056
Invok: Heroism           |       |       |     1 |     2 ||     3
 Abil: Dig               |       |       |     5 |     1 ||     6
       Shaft Self        |       |       |       |     1 ||     1
  Use: Scroll            |       |       |    16 |     1 ||    17
       Potion            |       |       |     9 |     1 ||    10
  Eat: Chunk             |     1 |     6 |    15 |     7 ||    29
       Fruit             |       |       |     1 |       ||     1
Armor: Scale mail        |    29 |       |       |       ||    29
       Plate armour      |    34 |   107 |   282 |   145 ||   568
Dodge: Dodged            |    15 |    26 |    65 |    42 ||   148
Block: Shield            |    53 |    90 |   238 |   136 ||   517
